 Dungeon Crawl Stone Soup version 0.23-a0-321-g6bcb69f (webtiles) character file.

98 Ijustatesigmund the Magician (level 4, 0/27 HPs)
             Began as an Octopode Wizard on Oct 15, 2018.
             Killed from afar by an orc wizard (5 damage)
             ... with a magic dart
             ... on level 4 of the Dungeon.
             The game lasted 00:07:30 (2978 turns).

Ijustatesigmund the Magician (Octopode Wizard)      Turns: 2978, Time: 00:07:33

Health: 0/27       AC:  3    Str: 12    XL:     4   Next: 71%
Magic:  1/8        EV: 13    Int: 20    God:
Gold:   133        SH:  0    Dex: 11    Spells: 3/9 levels left

rFire    . . .     SeeInvis .   h - +1 hand axe (vamp)
rCold    . . .     Gourm    .   (no shield)
rNeg     . . .     Faith    .   a - +2 hat
rPois    .         Spirit   .   (no amulet)
rElec    .         Reflect  .   m - +6 ring of strength
rCorr    .         Harm     .   (no ring)
MR       .....                  (no ring)
Stlth    +++.......             (no ring)
HPRegen  0.09/turn              (no ring)
MPRegen  0.11/turn              (no ring)
                                (no ring)
                                (no ring)

@: very slightly contaminated
A: almost no armour, stealthy swim, amphibious, 8 rings, constrict 8, camouflage
1, gelatinous body 1
a: no special abilities


You were on level 4 of the Dungeon.
You were hungry.

You visited 1 branch of the dungeon, and saw 4 of its levels.

You collected 133 gold pieces.

Inventory:

Hand Weapons
 h - a +1 vampiric hand axe (weapon)
Missiles
 f - a throwing net (quivered)
Armour
 a - a +2 hat (worn)
Jewellery
 m - a +6 ring of strength (left tentacle)
Scrolls
 n - a scroll of fear
Potions
 b - a potion of resistance
 d - a potion of invisibility
 e - a potion of ambrosia
 g - a potion of lignification
 k - a potion of mutation {unknown}
 l - a potion of brilliance {unknown}
Comestibles
 c - 4 rations


   Skills:
 + Level 0.9 Axes
 - Level 2.0 Dodging
 - Level 2.6 Stealth
 - Level 3.0 Spellcasting
 - Level 2.4 Conjurations
   Level 1.0 Summonings
 + Level 2.3 Translocations
 + Level 1.4 Air Magic
 + Level 1.7 Poison Magic


You had 3 spell levels left.
You knew the following spells:

 Your Spells              Type           Power        Failure   Level  Hunger
a - Magic Dart            Conj           ##..         5%          1    None
b - Blink                 Tloc           N/A          9%          2    ##.....
c - Mephitic Cloud        Conj/Pois/Air  ##......     21%         3    ###....

Your spell library contained the following spells:

 Spells                   Type           Power        Failure   Level  Hunger
 Call Imp                 Summ           #.......     14%         2    ##.....
 Slow                     Hex            #.......     22%         2    ##.....
 Conjure Flame            Conj/Fire      #.......     26%         3    ###....


Dungeon Overview and Level Annotations

Branches:
Dungeon (4/15)
 Temple: D:4-7

Altars:


Innate Abilities, Weirdness & Mutations

You cannot wear most types of armour.
You are very stealthy in the water. (Stealth+)
You are amphibious.
You can wear up to eight rings at the same time.
You can use your tentacles to constrict eight enemies at once.
Your skin changes colour to match your surroundings (Stealth+).
Your rubbery body absorbs attacks. (AC +1, EV +1)


Message History

Casting: Magic Dart (safe; 5% risk of failure)
Confirm with . or Enter, or press ? or * to list all spells.
Aiming: Magic Dart (safe; 5% risk of failure)
Press: ? - help, Shift-Dir - straight line, f/p - orc wizard
Aim: an orc wizard, wielding a +0 dagger and wearing a cursed +0 robe (heavily The magic dart hits the orc wizard.
The orc wizard is heavily wounded.
The orc wizard miscasts a cantrip.
Casting: Magic Dart (safe; 5% risk of failure)
Confirm with . or Enter, or press ? or * to list all spells.
Aiming: Magic Dart (safe; 5% risk of failure)
Press: ? - help, Shift-Dir - straight line, f/p - orc wizard
Aim: an orc wizard, wielding a +0 dagger and wearing a cursed +0 robe (heavily The magic dart hits the orc wizard.
The orc wizard is severely wounded.
The orc wizard hits you but does no damage.
An adder comes into view.
The orc wizard gestures at you while chanting.
The magic dart hits you!
You die...

. .. #.#.
.#.# .$.
#..####
#.....#
#.oo..#
####..@..#
S......(<.#
##..##.$..#
##.......#
###..####
##. ##


You could see an orc wizard, an adder (wandering) and an orc.

Vanquished Creatures
  A worker ant (D:4)
  An adder (D:2)
  An ooze (D:2)
  An adder skeleton (D:4)
  2 worms (D:2)
  3 dart slugs
  A leopard gecko (D:3)
  2 orcs
  A ball python (D:3)
  8 goblins
  6 hobgoblins
  5 kobolds
  4 bats
  5 frilled lizards
  6 rats
47 creatures vanquished.

Notes
Turn   | Place    | Note
-------+----------+-------------------------------------------
     0 | D:1      | Ijustatesigmund the Octopode Wizard began the quest for the
                  | Orb.
     0 | D:1      | Reached XP level 1. HP: 11/11 MP: 4/4
   206 | D:1      | Reached XP level 2. HP: 17/17 MP: 0/6
   210 | D:1      | Learned a level 2 spell: Blink
  1048 | D:2      | Reached XP level 3. HP: 21/21 MP: 0/7
  1134 | D:2      | Learned a level 3 spell: Mephitic Cloud
  1482 | D:2      | Reached skill level 1 in Poison Magic
  1647 | D:2      | Reached skill level 1 in Air Magic
  1980 | D:3      | Reached XP level 4. HP: 27/27 MP: 5/8
  2978 | D:4      | Killed from afar by an orc wizard

Vault maps used:
D:1:      minmay_arrival_four_loops, minmay_misc_feat_encased
D:4:      overflow_temple_1_default, minmay_temple_entry_overgrown

Skill      XL: |  1  2  3 |
---------------+----------+-----
Conjurations   | 2 |  2.4
Translocations | 2 |  2.3
Poison Magic   | 1 |  1.7
Air Magic      | 1 |  1.4
Axes           | |  0.9
Dodging        | |  2.0
Stealth        | |  2.6
Spellcasting   | |  3.0
Summonings     | |  1.0

Action                   |  1- 3 |  4- 6 || total
-------------------------+-------+-------++-------
Melee: Unarmed           |     4 |       ||     4
       Constrict         |     7 |     2 ||     9
       Whip              |     5 |       ||     5
       Tentacles         |     3 |     1 ||     4
       Hand axe          |    21 |     8 ||    29
 Cast: Magic Dart        |    64 |    32 ||    96
  Use: Scroll            |     7 |     7 ||    14
       Potion            |       |     1 ||     1
 Stab: Sleeping          |     1 |     2 ||     3
  Eat: Ration            |     2 |       ||     2
       Chunk             |     1 |     2 ||     3
Armor: Skin              |     2 |     1 ||     3
Dodge: Dodged            |    17 |    10 ||    27

Table legend:
 A = Non-vault XP
 B = Vault XP
 C = Vault XP percentage of total XP
 D = Non-vault monster count
 E = Vault monster count
 F = Vault count percentage of total count
                 A         B        C        D         E       F
            +---------+---------+-------+---------+---------+-------
      Total |     141 |       0 |   0.0 |      47 |       0 |   0.0
            +---------+---------+-------+---------+---------+-------
        D:1 |      24 |       0 |   0.0 |      15 |       0 |   0.0
        D:2 |      56 |       0 |   0.0 |      17 |       0 |   0.0
        D:3 |      20 |       0 |   0.0 |      12 |       0 |   0.0
        D:4 |      41 |       0 |   0.0 |       3 |       0 |   0.0
            +---------+---------+-------+---------+---------+-------
